 Dungeon Crawl Stone Soup version 0.31-a0-845-g9abc20d24f (webtiles) character file.

Game seed: 8706967659461012463

11250 AlexRAT the Fighter (level 11, -10/154 HPs)
             Began as a Minotaur Berserker on Oct 3, 2023.
             Was an Elder of Trog.
             Mangled by Erolcha
             ... wielding a +0 giant spiked club
              (31 damage)
             ... on level 12 of the Dungeon.
             The game lasted 00:17:00 (10118 turns).

AlexRAT the Fighter (Minotaur Berserker)           Turns: 10118, Time: 00:17:01

Health: -10/154    AC: 20    Str: 28    XL:     11   Next: 46%
Magic:  10/10      EV: 14    Int:  4    God:    Trog [****..]
Gold:   359        SH:  0    Dex: 11    Spells: 10/10 levels left

rFire   + . .        n - +1 executioner's axe (chaos)
rCold   . . .        (shield currently unavailable)
rNeg    . . .        q - +1 scale mail of Xeuhat Benul {Str+3}
rPois   +            (helmet restricted)
rElec   .            K - +0 cloak {rPois}
rCorr   .            H - +2 pair of gloves
SInv    .            h - +0 pair of boots
Will    .....        (no amulet) Stlth
                     v - +4 ring of protection
HPRegen 0.45/turn    (no ring)
MPRegen 0.12/turn

%: no passive effects
@: berserking, very quick
A: horns 2, retaliatory headbutt, fire resistance 1
a: Renounce Religion, Berserk, Trog's Hand, Brothers in Arms


You were on level 12 of the Dungeon.
You worshipped Trog.
Trog was greatly pleased with you.
You visited 1 branch of the dungeon, and saw 12 of its levels.
You visited 1 bazaar.
You also visited: Bailey.

You collected 690 gold pieces.
You spent 331 gold pieces at shops.

Inventory:

Hand Weapons
 a - a +0 hand axe
 n - a +1 executioner's axe of chaos (weapon)
 r - a +2 hand axe of freezing
Missiles
 N - 6 javelins
Armour
 b - a +0 animal skin
 c - a +0 ring mail
 h - a +0 pair of boots (worn)
 j - a +0 pair of gloves
 q - the +1 scale mail of Xeuhat Benul (worn) {Str+3}
   (You found it on level 8 of the Dungeon)

   Str+3:     It affects your strength (+3).
 H - a +2 pair of gloves (worn)
 J - a +0 plate armour of poison resistance
 K - a +0 cloak of poison resistance (worn)
Jewellery
 e - an amulet of guardian spirit
 g - a +6 ring of intelligence
 v - a +4 ring of protection (left hand)
 M - a ring of positive energy
Wands
 x - a wand of flame (43)
 P - a wand of charming (4)
Scrolls
 m - 5 scrolls of teleportation
 o - a scroll of noise
 p - 2 scrolls of fog
 s - 2 scrolls of vulnerability
 w - a scroll of amnesia
 y - a scroll of blinking
 z - 3 scrolls of poison
 I - 2 scrolls of enchant armour
 L - a scroll of immolation
 O - 2 scrolls of fear
Potions
 d - 3 potions of ambrosia {unknown}
 f - 3 potions of enlightenment {unknown}
 i - 4 potions of curing {unknown}
 k - 2 potions of degeneration {unknown}
 l - a potion of berserk rage {unknown}
 t - 3 potions of cancellation {unknown}
 u - 4 potions of resistance {unknown}
 A - 4 potions of attraction {unknown}
 B - 3 potions of mutation
 C - 2 potions of heal wounds {unknown}
 D - 4 potions of haste {unknown}
 E - 3 potions of might {unknown}
 F - a potion of invisibility {unknown}
 G - a potion of lignification {unknown}


   Skills:
 + Level 11.6 Fighting
 + Level 11.5 Axes
 + Level 11.2 Armour
 + Level 10.3 Dodging


You had 10 spell levels left.
You didn't know any spells.
Your spell library was empty.

Dungeon Overview and Level Annotations

Branches:
Dungeon (12/15)            Temple (0/1) D:5            Lair (0/5) D:9
    Orc (0/2) D:11         Bailey (visited)

Altars:
Fedhas
Gozag
Kikubaaqudgha
Okawaru
Ru
Sif Muna
Trog
Uskayaw
Vehumet

Shops:
D:3 [   D:4 [   D:8 =

Annotations:
D:12 Erolcha


Innate Abilities, Weirdness & Mutations

You have a pair of horns on your head.
You reflexively headbutt those who attack you in melee.
Your flesh is heat resistant. (rF+)


Message History

Trog accepts your kill.
You completely miss the very large slime creature.
You barely miss the slime creature.
Two slime creatures merge to form an enormous slime creature.
The slime creature barely misses you.
Erolcha casts a spell.
Erolcha blinks!
You slice the enormous slime creature!! You freeze the enormous slime creature.
You headbutt the enormous slime creature, but do no damage.
The enormous slime creature is lightly wounded.
You slice the slime creature!!
The slime creature seems to grow stronger.
The slime creature hits you! The enormous slime creature hits you!!!
The slime creature hits you but does no damage.
You are too injured to fight recklessly!
You are too injured to fight recklessly!
A red film seems to cover your vision as you go berserk!
You feel yourself moving faster!
You feel mighty! The enormous slime creature hits you!!!
* * * LOW HITPOINT WARNING * * *
Erolcha closely misses you. The slime creature hits you.
* * * LOW HITPOINT WARNING * * *
Unknown command.
You slash Erolcha! You freeze Erolcha.
Erolcha is moderately wounded.
You slice the enormous slime creature!!
The enormous slime creature resists with some effort.
You slice the slime creature!!
An enormous slime creature splits.
The slime creature hits you!
* * * LOW HITPOINT WARNING * * *
You slice Erolcha!!
Erolcha is almost dead.
You hit the large slime creature. You slice the slime creature!!
You freeze the slime creature.
You kill the slime creature!
Trog accepts your kill.
You barely miss the large slime creature.
Erolcha screams, "Lunch!"
Erolcha hits you with a +0 giant spiked club!!
You die...

#..........#
#..........#
#..........#
+..........#
#..........+
#..........#
#....J..!.)#
#....J@....#
#######O####
#..## ##+###
##..# ..>..#
##.# .....#
#######'###
.....#
#.........#
.....#
#.........#
.....#####
#...>..[..#


You could see 2 large slime creatures and Erolcha.

Vanquished Creatures
  3 two-headed ogres
  A cyclops (D:11)
  Joseph (D:10)
  2 gargoyles
  Psyche (D:10)
  2 trolls
  2 shadows
  2 wyverns
  2 slime creatures (D:12)
  2 wraiths (D:11)
  A water elemental (D:11)
  4 yaks (D:10)
  14 vampire mosquitoes
  A steam dragon (D:7)
  Menkaure (D:6)
  A water moccasin (D:4)
  An acid dragon (D:10)
  Duvessa (D:4)
  3 orc warriors
  2 ice beasts (D:5)
  2 black bears
  A sky beast (D:7)
  5 centaurs
  A kobold brigand (D:10)
  A phantom (D:5)
  5 bullfrogs
  4 scorpions
  4 wights (D:8)
  Dowan (D:4)
  10 killer bees (D:10)
  A howler monkey (D:11)
  2 electric eels (D:11)
  6 hounds
  5 iguanas
  6 orc wizards
  6 adders
  19 gnolls
  A white imp (D:6)
  An ufetubus (D:4)
  3 worms
  5 dart slugs
  46 orcs
  6 endoplasms
  5 giant cockroaches
  8 hobgoblins
  16 kobolds
  3 quokkas
  9 ball pythons
  2 frilled lizards
  7 goblins
  6 rats
244 creatures vanquished.

Notes
Turn   | Place    | Note
-------+----------+-------------------------------------------
     0 | D:1      | AlexRAT the Minotaur Berserker began the quest for the Orb.
     0 | D:1      | Reached XP level 1. HP: 19/19 MP: 0/0
   191 | D:1      | Reached XP level 2. HP: 25/27 MP: 1/1
   291 | D:1      | Reached ** piety under Trog
   314 | D:1      | Reached XP level 3. HP: 31/33 MP: 2/2
   847 | D:2      | Reached XP level 4. HP: 34/41 MP: 3/3
  1433 | D:3      | Found a faded altar of an unknown god.
  1477 | D:3      | Found Athrixt's Antique Armour Shop.
  1721 | D:4      | Noticed Duvessa
  1721 | D:4      | Noticed Dowan
  1726 | D:4      | Killed Duvessa
  1727 | D:4      | Reached XP level 5. HP: 47/47 MP: 4/4
  1730 | D:4      | Killed Dowan
  1731 | D:4      | Reached skill level 5 in Fighting
  1731 | D:4      | Reached skill level 5 in Axes
  1844 | D:4      | Found Faipaefi's Armour Emporium.
  1938 | D:4      | Noticed a black bear
  1946 | D:4      | Killed a black bear
  1947 | D:4      | Reached XP level 6. HP: 51/56 MP: 5/5
  2210 | D:4      | Reached *** piety under Trog
  2393 | D:4      | Noticed a water moccasin
  2405 | D:4      | Killed a water moccasin
  2406 | D:4      | Reached skill level 5 in Armour
  2609 | D:5      | Entered Level 5 of the Dungeon
  2615 | D:5      | Found a staircase to the Ecumenical Temple.
  2628 | D:5      | Reached XP level 7. HP: 43/62 MP: 6/6
  2874 | D:5      | Reached skill level 5 in Dodging
  3100 | D:5      | Reached XP level 8. HP: 65/71 MP: 7/7
  3292 | D:5      | Found an ancient bone altar of Kikubaaqudgha.
  4177 | D:6      | Noticed Menkaure
  4181 | D:6      | Killed Menkaure
  5161 | D:7      | Reached XP level 9. HP: 72/81 MP: 8/8
  5641 | D:8      | Found a flagged portal.
  5649 | D:8      | Reached **** piety under Trog
  5668 | D:8      | Identified the +1 scale mail of Xeuhat Benul {Str+3}
  5692 | Bailey   | Entered a bailey
  6238 | D:8      | Found Wisah's Jewellery Shop.
  6693 | D:9      | Noticed a two-headed ogre
  6703 | D:9      | Killed a two-headed ogre
  6897 | D:9      | Found a staircase to the Lair.
  7177 | D:9      | Noticed a two-headed ogre
  7189 | D:9      | Killed a two-headed ogre
  7190 | D:9      | Reached XP level 10. HP: 91/91 MP: 9/9
  7568 | D:10     | Entered Level 10 of the Dungeon
  7574 | D:10     | Noticed a two-headed ogre
  7581 | D:10     | Killed a two-headed ogre
  7747 | D:10     | Reached skill level 10 in Fighting
  7747 | D:10     | Reached skill level 10 in Axes
  7778 | D:10     | Noticed a gargoyle
  7786 | D:10     | Killed a gargoyle
  7842 | D:10     | Found a shimmering blue altar of Sif Muna.
  7843 | D:10     | Found an iron altar of Okawaru.
  7875 | D:10     | Found a radiant altar of Vehumet.
  7883 | D:10     | Noticed Joseph
  7892 | D:10     | Killed Joseph
  7930 | D:10     | Reached skill level 10 in Armour
  8160 | D:10     | Noticed Psyche
  8173 | D:10     | Killed Psyche
  8298 | D:10     | Reached XP level 11. HP: 86/101 MP: 10/10
  8406 | D:10     | Found a sacrificial altar of Ru.
  8415 | D:10     | Found a bloodstained altar of Trog.
  8417 | D:10     | Found a blossoming altar of Fedhas.
  8422 | D:10     | Found a hide-covered altar of Uskayaw.
  8627 | D:10     | Reached ***** piety under Trog
  8911 | D:10     | Found an opulent altar of Gozag.
  8974 | D:11     | Found a flickering gateway to a bazaar.
  8999 | D:11     | Gained mutation: Your flesh is heat resistant. (rF+)
                  | [potion of mutation]
  9180 | D:11     | Reached skill level 10 in Dodging
  9191 | Bazaar   | Entered a bazaar
  9198 | Bazaar   | Found Peana's Magic Scroll Shop.
  9325 | Bazaar   | Found Jemosir's Antique Armour Boutique.
  9339 | Bazaar   | Found Hoible's Distillery.
  9367 | Bazaar   | Found Waha Mira's Assorted Antiques.
  9381 | Bazaar   | Found Sieluoru's Weapon Boutique.
  9395 | Bazaar   | Found Umeowof's General Store.
  9501 | Bazaar   | Bought a scroll of brand weapon for 161 gold pieces
  9516 | Bazaar   | Bought a glowing cloak for 142 gold pieces
  9595 | Bazaar   | Bought a scroll of fear for 28 gold pieces
  9982 | D:11     | Found a staircase to the Orcish Mines.
 10110 | D:12     | Noticed Erolcha
 10118 | D:12     | Mangled by Erolcha

Illustrated notes

Levels and vault maps discovered:
D:1:      dpeg_chamrin_arrival_tetris, layout_basic
D:2:      layout_rooms, serial_aquarium, aquarium_bridge_square
          [aquarium_subvault_wall, aquarium_subvault_bridge,
          aquarium_subvault_window, aquarium_subvault_window],
          aquarium_window_corridor_1, aquarium_window_1, aquarium_view_4,
          aquarium_balcony_1b, aquarium_pool_2, minmay_misc_feat_doors,
          minmay_misc_feat_five
D:3:      layout_rooms, basic_ecumenical_altar, serial_shops,
          nicolae_shop_window_shopping, minmay_misc_feat_room
D:4:      layout_loops_ring, serial_shops, shop, uniq_duvessa
D:5:      layout_loops_ring, marbit_many_paths, minmay_temple_entry_glassed_door
D:6:      layout_loops_ring, kennysheep_generic_room_4, uniq_menkaure
D:7:      layout_loops_ring, kennysheep_opposing_triangles
D:8:      layout_basic, serial_curves, eino_curves_02, eino_curves_03,
          serial_shops, nicolae_take_the_stairs, lightli_bailey_entry_fortress,
          minmay_checkerbox
D:9:      layout_long_grid, lair_entry_dummy, hangedman_decor_riveting
D:10:     layout_loops_ring, nicolae_overflow_hallway_of_the_gods,
          mainiacjoe_overflow_big_doors, uniq_joseph, uniq_psyche
D:11:     layout_big_octagon, orc_0_dummy, serial_shops, bzr_entry_lakeside,
          dreamdust_deal_with_the_devil, kennysheep_doodads
D:12:     layout_roguey, serial_shops, shop, uniq_erolcha

Skill      XL: |  1  2  3  4  5  6  7  8  9 10 11 |
---------------+----------------------------------+-----
Fighting       | 4 5 6 8 9 10 11 | 11.6
Axes           | 4 5 6 8 9 10 11 | 11.5
Armour         | 3 4 5 6 7 9 10 11 | 11.2
Dodging        | 3 4 5 6 8 9 10 | 10.3

Action                     |  1- 3 |  4- 6 |  7- 9 | 10-12 || total
---------------------------+-------+-------+-------+-------++-------
  Melee: Hand axe          |    75 |     5 |       |       ||    80
         Headbutt          |    14 |     5 |    47 |    24 ||    90
         Executioner's axe |       |    65 |   271 |   148 ||   484
         Unarmed           |       |       |       |    15 ||    15
 Invoke: Berserk           |     1 |     2 |     3 |     3 ||     9
         Trog's Hand       |       |       |       |     3 ||     3
    Use: Scroll            |       |       |     7 |     8 ||    15
         Potion            |       |       |       |     1 ||     1
 Armour: Animal skin       |     6 |       |       |       ||     6
         Ring mail         |    31 |    65 |   182 |       ||   278
         Scale mail        |       |       |    99 |   230 ||   329
         Skin              |       |       |       |     3 ||     3
  Dodge: Dodged            |    42 |    57 |   265 |   199 ||   563

Table legend: (Time is in decaauts)
 A = Elapsed time spent in this place.
 B = Non-inter-level travel time spent in this place.
 C = Inter-level travel time spent in this place.
 D = Time resting spent in this place.
 E = Time spent auto-exploring this place.
 F = Levels seen in this place.
 G = Mean time per level.
                   A        B        C        D        E       F      G
               +--------+--------+--------+--------+--------+-----+--------+
         Total |  10446 |  10259 |    187 |   1001 |   7114 |  14 |  746.1 |
       Dungeon |   9559 |   9372 |    187 |    805 |   6910 |  12 |  796.6 |
        Bazaar |    418 |    418 |      0 |      0 |    204 |   1 |  418.0 |
        Bailey |    467 |    467 |      0 |    196 |      0 |   1 |  467.0 |
               +--------+--------+--------+--------+--------+-----+--------+

Top non-repeatable levels by time:
    D:10: 1433 daAuts
     D:5: 1241 daAuts
     D:7: 1077 daAuts
     D:4: 937 daAuts
     D:9: 904 daAuts
     D:2: 783 daAuts
     D:6: 756 daAuts
     D:8: 703 daAuts
    D:11: 695 daAuts
     D:1: 543 daAuts
  Bailey: 467 daAuts
     D:3: 420 daAuts
  Bazaar: 418 daAuts
    D:12: 63 daAuts
